 Dungeon Crawl Stone Soup version 0.21-a0-358-g8928369 (webtiles) character file.

28 Dfrag the Firebug (level 3, 24/24 HPs)
             Began as a Demonspawn Fire Elementalist on Oct 13, 2017.
             Quit the game on level 1 of the Dungeon.
             The game lasted 00:01:36 (1210 turns).

Dfrag the Firebug (Demonspawn Fire Elementalist)    Turns: 1210, Time: 00:01:36

Health: 24/24      AC:  3    Str:  8    XL:     3   Next: 0%
Magic:  3/6        EV: 12    Int: 17    God:
Gold:   28         SH:  0    Dex: 13    Spells: 6/7 levels left

rFire    . . .     SeeInvis .   (no weapon)
rCold    . . .     Gourm    .   (no shield)
rNeg     . . .     Faith    .   a - +0 robe
rPois    .         Spirit   .   (helmet restricted)
rElec    .         Reflect  .   (no cloak)
rCorr    .         Harm     .   (no gloves)
MR       .....                  k - +0 pair of boots
Stlth    ++........             (no amulet)
HPRegen  0.08/turn              (no ring)
MPRegen  0.10/turn              (no ring)

@: no status effects
A: horns 1, powered by death 1
a: no special abilities


You were on level 1 of the Dungeon.
You were not hungry.

You visited 1 branch of the dungeon, and saw 1 of its levels.

You collected 28 gold pieces.

Inventory:

Armour
 a - a +0 robe (worn)
 k - a +0 pair of boots (worn)
Scrolls
 d - a scroll of teleportation {unknown}
 e - 2 scrolls of enchant armour {unknown}
 i - 3 scrolls of identify {unknown}
 j - a scroll of remove curse {unknown}
Potions
 f - a potion of flight {unknown}
 g - a potion of curing {unknown}
 h - a potion of degeneration {unknown}
Books
 b - a book of Flames

   Spells                             Type                      Level
   a - Flame Tongue                   Conjuration/Fire             1
   b - Throw Flame                    Conjuration/Fire             2
   c - Conjure Flame                  Conjuration/Fire             3
   d - Inner Flame                    Hexes/Fire                   3
   e - Sticky Flame                   Conjuration/Fire             4
   f - Fireball                       Conjuration/Fire             5
Comestibles
 c - 2 bread rations
 l - 2 chunks of flesh


   Skills:
 - Level 1.7 Dodging
 - Level 1.7 Stealth
 + Level 2.5 Spellcasting
 + Level 1.8 Conjurations
 + Level 3.1 Fire Magic


You had 6 spell levels left.
You knew the following spells:

 Your Spells              Type           Power        Failure   Level  Hunger
a - Flame Tongue          Conj/Fire      ##...        7%          1    #......


Dungeon Overview and Level Annotations

Branches:
Dungeon (1/15)

Altars:


Innate Abilities, Weirdness & Mutations

You have a pair of small horns on your head.
You regenerate a little health from kills.


Message History

Confirm with . or Enter, or press ? or * to list all spells.
Aiming: Flame Tongue
Press: ? - help, Shift-Dir - straight line, f/p - leopard gecko
Aim: a leopard gecko (severely wounded, clinging)
The flame tongue hits the leopard gecko.
You kill the leopard gecko!
You have reached level 3!
Your experience leads to an increase in your attributes!
Increase (S)trength, (I)ntelligence, or (D)exterity?
You feel clever.
You feel monstrous as your demonic heritage exerts itself.
Your demonic ancestry asserts itself...
A pair of horns grows on your head!
You see here a leopard gecko corpse.
You butcher the leopard gecko corpse.
l - 2 chunks of flesh (gained 1) Done exploring.
Done exploring.
Unknown command.
Are you sure you want to abandon this character and quit the game? (Confirm with "yes".)

.#....##.#.#######≈♣PPP♣PP.♣≈.≈♣P
.#.#+###........##≈♣♣.P♣♣♣PP≈.≈P.
.#.#.###........##≈≈≈≈≈≈≈≈≈≈≈.≈≈≈
.+.....#........##≈≈≈≈≈≈≈≈≈.....≈
.#.#.#.#........##≈♣.♣P.♣.≈.###.≈
...#.#.#........##≈P♣PP♣PP≈.#§#.≈
...#.#.#.#.......#≈PP..♣P.≈[###.≈
.......#.#######.#≈≈≈≈≈≈≈≈≈.....≈
########.# #@#≈≈≈≈≈≈≈≈≈≈≈.≈≈≈
.........# #.#≈P♣.♣P♣P♣♣≈.≈.♣
################.#≈PP.♣♣♣P♣P≈.≈P.
#.............#≈≈≈≈≈≈≈≈≈≈≈.≈≈≈
#.########################'###
#.# #..............#.....# #.#
#.########.#.#.#.....# #.# #.#
#(....#.###..<..# #.# #.#
#.#.......#######


There were no monsters in sight!

Vanquished Creatures
  2 dart slugs (D:1)
  3 leopard geckos (D:1)
  2 ball pythons (D:1)
  A giant cockroach (D:1)
  2 hobgoblins (D:1)
  4 bats (D:1)
  A frilled lizard (D:1)
  A kobold (D:1)
  7 rats (D:1)
23 creatures vanquished.

Notes
Turn   | Place    | Note
-------+----------+-------------------------------------------
     0 | D:1      | Dfrag the Demonspawn Fire Elementalist began the quest for the Orb.
     0 | D:1      | Reached XP level 1. HP: 13/13 MP: 3/3
   635 | D:1      | Gained mutation: You regenerate a little health from kills. [demonic ancestry]
   635 | D:1      | Reached XP level 2. HP: 3/19 MP: 0/5
   826 | D:1      | Reached skill level 3 in Fire Magic
  1206 | D:1      | Gained mutation: You have a pair of small horns on your head. [demonic ancestry]
  1206 | D:1      | Reached XP level 3. HP: 24/24 MP: 3/6
  1210 | D:1      | Quit the game

Vault maps used:
D:1:      lightli_arrival_farm

Skill      XL: |  1  2 |
---------------+-------+-----
Fire Magic     | 3 |  3.1
Dodging        | |  1.7
Stealth        | |  1.7
Spellcasting   | |  2.5
Conjurations   | |  1.8

Action                   || total
-------------------------++-------
Melee: Unarmed           ||    25
 Cast: Flame Tongue      ||    40
  Eat: Chunk             ||     1
Armor: Robe              ||    17
Dodge: Dodged            ||    39

Table legend:
 A = Spawn XP
 B = Non-spawn XP
 C = Spawn XP percentage of total XP
 D = Spawn monster count
 E = Non-spawn monster count
 F = Spawn count percentage of total count
 G = Total turns spent on level
                    A         B        C        D         E        F      G
               +---------+---------+-------+---------+---------+-------+---------
         Total |       0 |      41 |   0.0 |       0 |      23 |   0.0 |  1210
               +---------+---------+-------+---------+---------+-------+---------
           D:1 |       0 |      41 |   0.0 |       0 |      23 |   0.0 |  1210
               +---------+---------+-------+---------+---------+-------+---------
